 Dungeon Crawl Stone Soup version 0.29.0-4-gdea44cf6ec (webtiles) character file.

Game seed: 12712088831216898647

98 qw the Chopper (level 4, -1/26 HPs)
             Began as a Tengu Warper on Aug 28, 2022.
             Slain by a goblin
             ... wielding a +0 club
             ... led by Robin
              (2 damage)
             ... on level 3 of the Dungeon.
             The game lasted 00:00:12 (2720 turns).

qw the Chopper (Tengu Warper)                       Turns: 2720, Time: 00:00:12

Health: -1/26      AC: 10    Str: 12    XL:     4   Next: 71%
Magic:  8/8        EV:  5    Int: 13    God:
Gold:   81         SH:  0    Dex: 13    Spells: 7/7 levels left

rFire   . . .      SeeInvis .   Y - +1 war axe (vorpal)
rCold   . . .      Faith    .   (no shield)
rNeg    . . .      Spirit   .   h - +0 chain mail
rPois   .          Reflect  .   (helmet restricted)
rElec   .          Harm     .   (no cloak)
rCorr   .          Rampage  .   (no gloves)
Will    .....                   (boots unavailable)
Stlth   ..........              (no amulet)
HPRegen 0.08/turn               (no ring)
MPRegen 0.11/turn               (no ring)

@: no status effects
A: beak, talons 3, iridescent scales 1, weak 1
a: no special abilities


You were on level 3 of the Dungeon.
You visited 1 branch of the dungeon, and saw 3 of its levels.

You collected 81 gold pieces.


Innate Abilities, Weirdness & Mutations

You have a beak for a mouth.
You have claws for feet.
You are partially covered in iridescent scales. (AC +2)
You are weak. (Str -2)


   Skills:
 - Level 2.0 Fighting
 + Level 5.2 Axes
 - Level 1.0 Throwing
 - Level 1.1 Armour
 - Level 2.1 Dodging
 - Level 2.0 Spellcasting
 - Level 2.4 Translocations


You had 7 spell levels left.
You didn't know any spells.
Your spell library contained the following spells:

 Spells                   Type           Power      Damage    Failure   Level
 Blink                    Tloc           14%        N/A       100%        2
 Gell's Gravitas          Tloc           7%         N/A       100%        3
 Lesser Beckoning         Tloc           7%         N/A       100%        3
 Teleport Other           Tloc           7%         N/A       100%        3
 Manifold Assault         Tloc           7%         N/A       100%        5

Inventory:

Hand Weapons
 d - a +0 whip
 Y - a +1 vorpal war axe (weapon)
Armour
 h - a +0 chain mail (worn)
Scrolls
 a - a scroll of teleportation {unknown}
 f - a scroll of magic mapping {unknown}
Potions
 b - a potion of mutation
 e - a potion of degeneration {unknown}
 g - a potion of berserk rage {unknown}
 i - a potion of attraction {unknown}

Dungeon Overview and Level Annotations

Branches:
Dungeon (3/15)

Altars:

Annotations:
D:3 Robin


Message History

You completely miss the goblin.
The goblin is severely wounded.
You barely miss the goblin. You closely miss the goblin.
The goblin hits you with a +0 dagger. The goblin hits you but does no damage.
The goblin barely misses you.
You barely miss the goblin. You claw the goblin.
You kill the goblin!
You closely miss the goblin. x2
The goblin hits you but does no damage. x2
The adder bites you but does no damage.
You hit the adder.
The adder is almost dead.
You hit the goblin.
You kill the goblin!
You miss the goblin. You barely miss the goblin. The adder bites you.
The goblin barely misses you. The goblin hits you with a +0 club.
The adder bites you. The goblin barely misses you.
The goblin hits you with a +0 club.
You miss the adder. Your kick misses the adder. You peck the adder.
You kill the adder!
You barely miss the goblin. You closely miss the goblin.
The goblin hits you but does no damage. Robin throws the goblin at you!
The goblin hits you but does no damage.
You barely miss the goblin. Your kick misses the goblin. You miss the goblin.
You hit the endoplasm. The endoplasm freezes you.
You are frozen.
The goblin hits you but does no damage.
Robin hits you from afar with a +0 trident.
The goblin hits you with a +0 club.
You hit the endoplasm.
You kill the endoplasm!
You barely miss the goblin. You closely miss the goblin.
The goblin barely misses you. The goblin hits you but does no damage.
Robin hits you but does no damage.
You hit the goblin.
You kill the goblin!
You barely miss the goblin.
Robin hits you from afar with a +0 trident.
The goblin hits you with a +0 club.
You die...

###......##
..........#### [<..(..
..............###.......
.........####.#.........
.........# ..........
.........# #.......#
.........# #.......#
.........######).)...###
...[.....%......@)......
......##.......g))g.....
......##................
......##..............).
......#........########(
.....[#....?...#
......#........#
......#........# ......#


You could see Robin and a goblin (strong).

Vanquished Creatures
  4 adders
  A worm (D:2)
  2 dart slugs (D:2)
  3 ball pythons
  6 endoplasms
  12 goblins
  5 hobgoblins
  2 jackals (D:2)
  4 kobolds
  A quokka (D:1)
  4 bats
  A frilled lizard (D:2)
  11 rats
56 creatures vanquished.

Notes
Turn   | Place    | Note
-------+----------+-------------------------------------------
     0 | D:1      | qw the Tengu Warper began the quest for the Orb.
     0 | D:1      | Reached XP level 1. HP: 12/12 MP: 4/4
     0 | D:1      | 0 ||| qw: Version: 0.1-a-89-g26bdef1
     0 | D:1      | 0 ||| qw: Game counter: 3090
     0 | D:1      | 0 ||| qw: Always use a shield: true
     0 | D:1      | 0 ||| qw: God list: Okawaru
     0 | D:1      | 0 ||| qw: Allow faded altars: false
     0 | D:1      | 0 ||| qw: Do Orc after D:15 true
     0 | D:1      | 0 ||| qw: Do second Lair branch before Depths: true
     0 | D:1      | 0 ||| qw: Lair rune preference: random
     0 | D:1      | 0 ||| qw: Plans: Normal
     0 | D:1      | 0 ||| PLANNING D:1-11
   388 | D:1      | Reached XP level 2. HP: 13/17 MP: 6/6
   594 | D:1      | Reached skill level 3 in Axes
   896 | D:1      | 896 ||| UPGRADING to +0 scale mail of willpower.
   906 | D:1      | 906 ||| DROPPING +0 leather armour.
   907 | D:1      | 907 ||| UPGRADING to +0 chain mail.
   917 | D:1      | 917 ||| DROPPING +0 scale mail of willpower.
   918 | D:1      | 918 ||| READING 2 scrolls labelled QEYFRO WIPHUCH.
   919 | D:1      | 919 ||| READING scroll labelled UNISCH UROYDO.
   920 | D:1      | 920 ||| DRINKING 2 bubbling amethyst potions.
   920 | D:1      | Gained mutation: You are frail. (-10% HP) [potion of
                  | mutation]
   920 | D:1      | Gained mutation: Your mind is acute. (Int +4, Str/Dex -1)
                  | [potion of mutation]
   921 | D:1      | 921 ||| DRINKING potion of mutation.
   921 | D:1      | Lost mutation: You are frail. (-10% HP) [potion of
                  | mutation]
   921 | D:1      | Lost mutation: Your mind is acute. (Int +4, Str/Dex -1)
                  | [potion of mutation]
   921 | D:1      | Gained mutation: You are weak. (Str -2) [potion of
                  | mutation]
   921 | D:1      | Gained mutation: You are partially covered in iridescent
                  | scales. (AC +2) [potion of mutation]
   953 | D:1      | 953 ||| DROPPING scroll of amnesia.
   954 | D:1      | 954 ||| DROPPING scroll of blinking.
   986 | D:2      | 986 ||| STAIRDANCE
   997 | D:2      | HP: 4/17 [jackal (1)]
  1000 | D:2      | 1000 ||| STAIRDANCE
  1412 | D:2      | 1412 ||| Stepping ~*~*~tactically~*~*~ (stealth).
  1423 | D:2      | 1423 ||| Stepping ~*~*~tactically~*~*~ (stealth).
  1425 | D:2      | Reached XP level 3. HP: 15/21 MP: 7/7
  1433 | D:2      | 1433 ||| FLEEEEING.
  1572 | D:2      | Reached skill level 4 in Axes
  1591 | D:2      | HP: 5/21 [poisoned by an adder]
  1851 | D:2      | HP: 5/21 [poisoned by an adder]
  2199 | D:2      | 2199 ||| DROPPING +0 club.
  2220 | D:2      | Reached XP level 4. HP: 26/26 MP: 8/8
  2447 | D:2      | 2447 ||| Stepping ~*~*~tactically~*~*~ (stealth).
  2448 | D:2      | 2448 ||| Stepping ~*~*~tactically~*~*~ (stealth).
  2604 | D:2      | 2604 ||| SWAPPING to +0 war axe.
  2605 | D:2      | 2605 ||| DROPPING +0 hand axe.
  2606 | D:2      | 2606 ||| READING scroll labelled VIJASCH JAETH.
  2607 | D:2      | 2607 ||| READING scroll labelled QUVESARYDI.
  2633 | D:3      | 2633 ||| PLANNING SEWER
  2709 | D:3      | Reached skill level 5 in Axes
  2710 | D:3      | Noticed Robin
  2718 | D:3      | HP: 2/26 [goblin/+0 club[Robin] (6)]
  2720 | D:3      | Slain by a goblin

Levels and vault maps discovered:
D:1:      dpeg_arrival_tiny_d, layout_loops_ring
D:2:      layout_loops_ring, minmay_rat_gold_closets
D:3:      layout_basic, gup_sewer_entry_pipe,
          shapermc_ecumenical_altar_mp_vishouse, uniq_grinder, uniq_robin,
          uniq_crazy_yiuf_cottage

Skill      XL: |  1  2  3  4 |
---------------+-------------+-----
Axes           | 3 4 5 |  5.2
Fighting       | |  2.0
Throwing       | |  1.0
Armour         | |  1.1
Dodging        | |  2.1
Spellcasting   | |  2.0
Translocations | |  2.4

Action                   |  1- 3 |  4- 6 || total
-------------------------+-------+-------++-------
Melee: Hand axe          |    68 |    14 ||    82
       Peck              |     8 |     3 ||    11
       Kick              |    16 |    11 ||    27
       War axe           |       |    15 ||    15
       Punch             |       |     1 ||     1
Throw: Boomerang         |     7 |       ||     7
       Javelin           |       |     5 ||     5
  Use: Scroll            |     2 |     2 ||     4
       Potion            |     2 |       ||     2
Armor: Leather armour    |     3 |       ||     3
       Chain mail        |    47 |    21 ||    68
Dodge: Dodged            |    19 |     7 ||    26

Table legend:
 A = Non-vault XP
 B = Vault XP
 C = Vault XP percentage of total XP
 D = Non-vault monster count
 E = Vault monster count
 F = Vault count percentage of total count
                 A         B        C        D         E       F
            +---------+---------+-------+---------+---------+-------
      Total |     120 |      23 |  16.1 |      39 |      17 |  30.4
            +---------+---------+-------+---------+---------+-------
        D:1 |      15 |       0 |   0.0 |       9 |       0 |   0.0
        D:2 |      74 |       8 |   9.8 |      25 |       8 |  24.2
        D:3 |      31 |      15 |  32.6 |       5 |       9 |  64.3
            +---------+---------+-------+---------+---------+-------
